 Dungeon Crawl Stone Soup version 0.29.0-11-gd7f09526c8 (webtiles) character file.

Game seed: 10988537264965960750

7408 browni3141 the Geomancer (level 11, 0/80 (81) HPs)
             Began as a Formicid Fire Elementalist on Sept 7, 2022.
             Was a Priest of the Shining One.
             Slain by a wight
             ... wielding a +0 war axe
              (1 damage)
             ... on level 9 of the Dungeon.
             The game lasted 00:25:27 (10751 turns).

browni3141 the Geomancer (FoFE)                    Turns: 10751, Time: 00:25:28

HP:   0/80 (81)     AC: 11    Str: 13    XL:     11   Next: 36%
MP:   28/29         EV: 10    Int: 19    God:    the Shining One [***...]
Gold: 524           SH:  6    Dex: 14    Spells: 7/22 levels left

rFire   . . .      SeeInvis +   i - +0 short sword (holy)
rCold   . . .      Faith    .   x - +1 buckler {AC+3}
rNeg    + . .      Spirit   .   M - +0 swamp dragon scales {@f3}
rPois   +          Reflect  .   (helmet unavailable)
rElec   .          Harm     +   d - scarf {harm}
rCorr   .          Rampage  .   (no gloves)
Will    +....                   D - +0 pair of boots
Stlth   +.........              r - amulet of magic regeneration
HPRegen 0.23/turn               W - ring of magical power
MPRegen 0.61/turn               L - ring of flight

@: flying, glowing, lightly drained
A: permanent stasis, dig shafts and tunnels, antennae 3, four strong arms
a: Dig, Shaft Self, Renounce Religion, Divine Shield, Cleansing Flame


You were on level 9 of the Dungeon.
You worshipped the Shining One.
The Shining One was most pleased with you.
You visited 2 branches of the dungeon, and saw 11 of its levels.

You collected 524 gold pieces.


Innate Abilities, Weirdness & Mutations

You cannot be hasted, slowed, berserked, paralysed or teleported.
You can dig through walls and to a lower floor.
You have a pair of large antennae on your head. (SInv)
Your four strong arms can wield two-handed weapons with a shield.


   Skills:
 - Level 6.0 Fighting
 - Level 2.0 Dodging
 - Level 5.0 Stealth
 - Level 6.0 Shields
 - Level 6.0 Spellcasting
 - Level 6.0 Conjurations
 - Level 4.0 Transmutations
 - Level 4.0 Fire Magic
 - Level 12.0 Earth Magic
 * Level 5.2 Invocations


You had 7 spell levels left.
You knew the following spells:

 Your Spells              Type           Power      Damage    Failure   Level
a - Passwall              Tmut/Erth      30%        N/A       1%          2
s - Sandblast             Erth           100%       2d20      1%          1
t - Iron Shot             Conj/Erth      19%        9d4       73%         6
w - Stone Arrow           Conj/Erth      78%        3d11      2%          3
z - Foxfire               Conj/Fire      96%        2x1d8     3%          1
X - Scorch                Fire           40%        2d7       9%          2

Your spell library contained the following spells:

 Spells                   Type           Power      Damage    Failure   Level
 Conjure Flame            Conj/Fire      24%        6-21      11%         3
 Dazzling Flash           Conj/Hex       34%        N/A       26%         3
 Inner Flame              Hex/Fire       13%        N/A       36%         3
 Flame Wave               Conj/Fire      24%        2d8       36%         4
 Iskenderun's Battlesphe  Conj           28%        2d8       56%         5
 Iskenderun's Mystic Bla  Conj/Tloc      17%        2d5       63%         4
 Starburst                Conj/Fire      12%        6d5       99%         6
 Agony                    Necr           5%         N/A       100%        5
 Silence                  Hex/Air        2%         N/A       100%        5
 Spellforged Servitor     Conj/Summ      8%         N/A       100%        7

Inventory:

Hand Weapons
 i - a +0 short sword of holy wrath (weapon)
 o - a +0 vorpal long sword
Missiles
 g - 12 curare-tipped darts {@f4}
 O - a throwing net
Armour
 a - a +0 robe
 d - a scarf of harm (worn)
 x - a +1 buckler of protection (worn)
 A - a scarf of harm
 D - a +0 pair of boots (worn)
 M - +0 swamp dragon scales (worn) {@f3}
Jewellery
 r - an amulet of magic regeneration (around neck)
 F - a ring of protection from fire
 G - an amulet of guardian spirit
 L - a ring of flight (right hand)
 W - a ring of magical power (left hand)
Wands
 v - a wand of flame (15)
 w - a wand of paralysis (19)
 y - a wand of iceblast (23)
 C - a wand of mindburst (6)
 P - a wand of light (6)
 R - a wand of polymorph (4)
Scrolls
 c - 3 scrolls of enchant weapon {unknown}
 f - 3 scrolls of teleportation {unknown}
 h - 2 scrolls of summoning {unknown}
 j - 2 scrolls of blinking {unknown}
 k - 3 scrolls of enchant armour
 s - 3 scrolls of magic mapping {unknown}
 B - a scroll of fear {unknown}
 E - a scroll of brand weapon {unknown}
 H - 2 scrolls of poison {@f3}
 I - a scroll of immolation {unknown}
 J - 2 scrolls of vulnerability {unknown}
 K - a scroll of torment {!r}
 N - 2 scrolls of identify {@r1}
 Q - a scroll of acquirement {unknown}
Potions
 b - a potion of attraction {!q}
 e - 4 potions of flight
 l - 3 potions of mutation {!q}
 m - a potion of lignification {!q}
 n - 6 potions of curing {@q1}
 p - 2 potions of haste {@q3}
 q - a potion of cancellation
 t - 2 potions of magic
 u - 4 potions of degeneration {unknown}
 z - 2 potions of brilliance
 S - a potion of experience {unknown}

Dungeon Overview and Level Annotations

Branches:
Dungeon (10/15)            Temple (1/1) D:6
   Lair: D:8-11         Orc: D:9-12

Altars:
Ashenzari
Cheibriados
Dithmenos
Elyvilon
Fedhas
Gozag
Hepliaklqana
Kikubaaqudgha
Makhleb
Nemelex Xobeh
Okawaru
Qazlal
Ru
Sif Muna
Trog
Uskayaw
Vehumet
Wu Jian
Xom
Yredelemnul
Zin
The Shining One

Annotations:
D:5 3 runed translucent doors, smilodon's ghost, novice DsFi
D:7 1 exclusion

.#######.... ##
##..#..........#
#..........# ## #
#..........#
.##########.#..........#
.##................$...#
.......####.#..........#
##.....# #.....zc.....#
.......# #.###@#
##.....# #.##..#
##....#####....##
#.......##..###
.##)......#...#
..............###
..#.#####.......# ....#
####.)....#
<..(##.....##...#


You could see a centaur and a wight.


Message History

The two-headed ogre is almost dead.
The two-headed ogre hits you with a +0 dire flail!
The two-headed ogre hits you with a +0 giant club!!
* * * LOW HITPOINT WARNING * * *
The centaur unwields a +0 shortbow.
The centaur completely misses you. You block the centaur's attack.
Aiming: Sandblast (safe; 1% risk of failure)
Press: ? - help, Q - select action, (/) - cycle Shift-Dir - straight line, f/p - two-headed ogre
Aim: a two-headed ogre, wielding a +0 dire flail and a +0 giant club (almost dead, haloed, 94% to hit)
The blast of sand hits the two-headed ogre but does no damage.
The two-headed ogre is almost dead.
The two-headed ogre hits you with a +0 dire flail!!
* * * LOW HITPOINT WARNING * * *
The two-headed ogre hits you with a +0 giant club.
* * * LOW HITPOINT WARNING * * *
The centaur hits you but does no damage.
The centaur kicks you but does no damage.
You block the centaur's attack. x2
Aiming: Sandblast (safe; 1% risk of failure)
Press: ? - help, Q - select action, (/) - cycle Shift-Dir - straight line, f/p - two-headed ogre
Aim: a two-headed ogre, wielding a +0 dire flail and a +0 giant club (almost dead, haloed, 94% to hit)
The blast of sand hits the two-headed ogre!
You kill the two-headed ogre!
You block the centaur's attack. The centaur misses you.
The centaur barely misses you.
The centaur kicks you but does no damage.
The wight hits you with a +0 war axe.
* * * LOW HITPOINT WARNING * * *
You partially resist.
You feel drained.
You die...

Skill      XL: |  1  2  3  4  5  6  7  8  9 10 11 |
---------------+----------------------------------+-----
Fighting       | 1 2 3 4 6 |  6.0
Spellcasting   | 3 5 6 |  6.0
Conjurations   | 1 6 |  6.0
Fire Magic     | 4 |  4.0
Earth Magic    | 2 4 6 8 10 12 | 12.0
Stealth        | 5 |  5.0
Shields        | 6 |  6.0
Dodging        | 2 |  2.0
Transmutations | 1 4 |  4.0
Invocations    | 5 |  5.2

Action                   |  1- 3 |  4- 6 |  7- 9 | 10-12 || total
-------------------------+-------+-------+-------+-------++-------
Melee: Long sword        |       |    20 |     5 |       ||    25
 Cast: Foxfire           |    46 |    13 |     4 |       ||    63
       Scorch            |     6 |    12 |     6 |     2 ||    26
       Sandblast         |       |    16 |   141 |   139 ||   296
       Stone Arrow       |       |       |    18 |     4 ||    22
       Passwall          |       |       |       |     1 ||     1
Invok: Divine Shield     |       |       |       |     1 ||     1
 Abil: Shaft Self        |       |       |       |     1 ||     1
Evoke: Wand              |       |       |     1 |     2 ||     3
  Use: Potion            |       |     1 |       |     2 ||     3
       Scroll            |       |       |       |    12 ||    12
 Stab: Sleeping          |       |     1 |       |       ||     1
Armor: Robe              |     2 |     4 |    31 |     6 ||    43
       Swamp dragon scal |       |       |       |    15 ||    15
Dodge: Dodged            |     8 |    35 |    47 |    30 ||   120
Block: Buckler           |       |       |    14 |    26 ||    40

Levels and vault maps discovered:
D:1:      mushboom_english_gardens, layout_basic, serial_bayou_lagoon_b
D:2:      layout_basic
D:3:      layout_loops_cross, grunt_temple_overflow_open,
          shapermc_ecumenical_altar_mp_vishouse, grunt_ministairs_15,
          uniq_jessica, uniq_natasha, uniq_grinder, uniq_ijyb
D:4:      layout_cave_pods, uniq_robin
D:5:      layout_rooms, overflow_temple_1_default, okawaru_metal_pillars_1_2,
          gammafunk_ghost_split, grunt_decor_one_mirror, grunt_ministairs_15,
          hangedman_abyss_or_decor_passed, minmay_misc_feat_x
D:6:      layout_basic, lemuel_temple_firewalk_b, portal_sewer_entry_b,
          corexii_shack
D:7:      minmay_razor_zed, layout_loops_corners, vehumet_crystals,
          nicolae_qazlal_style_of_elements, gammafunk_ghost_nasty_kobolds,
          st_stairs_6, uniq_maggie, uniq_duvessa
D:8:      layout_basic, mainiacjoe_overflow_cross_hatched, bh_walls_and_bars,
          uniq_joseph
D:9:      layout_rooms
D:10:     layout_roguey [special_room_orc], orc_0_dummy, special_room
          [special_room_bee]
Temple:   nicolae_temple_god_jail

Notes
Turn   | Place    | Note
-------+----------+-------------------------------------------
     0 | D:1      | browni3141 the Formicid Fire Elementalist began the quest
                  | for the Orb.
     0 | D:1      | Reached XP level 1. HP: 13/13 MP: 3/3
    40 | D:1      | Reached skill level 1 in Fighting
   157 | D:1      | Reached XP level 2. HP: 21/21 MP: 1/5
   289 | D:1      | Reached skill level 3 in Spellcasting
   355 | D:1      | Reached skill level 1 in Conjurations
   358 | D:1      | Learned a level 2 spell: Scorch
   466 | D:1      | Reached XP level 3. HP: 25/26 MP: 5/7
  1521 | D:2      | Reached skill level 4 in Fire Magic
  1521 | D:2      | Reached XP level 4. HP: 32/32 MP: 8/8
  1598 | D:2      | Learned a level 1 spell: Sandblast
  1736 | D:2      | Reached skill level 1 in Earth Magic
  2040 | D:3      | Noticed Jessica
  2042 | D:3      | Killed Jessica
  2043 | D:3      | Reached skill level 2 in Earth Magic
  2043 | D:3      | Reached XP level 5. HP: 23/37 MP: 4/9
  2190 | D:3      | Noticed Ijyb
  2199 | D:3      | Reached skill level 3 in Earth Magic
  2204 | D:3      | Noticed Grinder
  2438 | D:4      | Learned a level 2 spell: Passwall
  2442 | D:4      | Learned a level 3 spell: Stone Arrow
  2460 | D:4      | Reached skill level 4 in Earth Magic
  2851 | D:4      | Reached XP level 6. HP: 40/43 MP: 10/10
  2953 | D:4      | You are sucked into a shaft and drop 3 floors!
  3038 | D:7      | Noticed a sky beast
  3049 | D:7      | Killed a sky beast
  3050 | D:7      | Reached skill level 5 in Earth Magic
  3125 | D:7      | Noticed Dowan
  3125 | D:7      | Noticed Duvessa
  3286 | D:7      | Reached skill level 6 in Earth Magic
  3286 | D:7      | Reached XP level 7. HP: 48/48 MP: 11/11
  3331 | D:7      | Reached skill level 7 in Earth Magic
  3537 | D:7      | Found a runed translucent gate.
  3537 | D:7      | Found a runed translucent gate.
  3537 | D:7      | Found a runed translucent gate.
  3539 | D:7      | Noticed a kobold demonologist
  3539 | D:7      | Noticed odiv's ghost (novice DjWr)
  3729 | D:7      | Noticed Maggie
  3859 | D:7      | Reached skill level 8 in Earth Magic
  3879 | D:7      | Reached skill level 2 in Fighting
  3879 | D:7      | Reached XP level 8. HP: 56/56 MP: 9/12
  3968 | D:7      | Reached skill level 3 in Fighting
  4011 | D:7      | Reached skill level 9 in Earth Magic
  4243 | D:7      | Killed Duvessa
  4246 | D:7      | Killed Dowan
  4270 | D:7      | Found a radiant altar of Vehumet.
  4413 | D:6      | Reached skill level 10 in Earth Magic
  4413 | D:6      | Reached skill level 3 in Stealth
  4423 | D:6      | Reached skill level 4 in Stealth
  4451 | D:6      | Reached skill level 5 in Stealth
  4491 | D:6      | Reached XP level 9. HP: 57/63 MP: 13/13
  4501 | D:6      | Found a staircase to the Ecumenical Temple.
  4510 | Temple   | Entered the Ecumenical Temple
  4568 | Temple   | Became a worshipper of the Shining One
  4645 | D:6      | Reached skill level 2 in Shields
  4941 | D:6      | Reached skill level 3 in Shields
  5089 | D:6      | Reached skill level 4 in Shields
  5089 | D:6      | Reached skill level 11 in Earth Magic
  5662 | D:5      | Entered Level 5 of the Dungeon
  5709 | D:5      | Found a bloodstained altar of Trog.
  5944 | D:5      | Found an iron altar of Okawaru.
  6021 | D:5      | Found a runed translucent gate.
  6021 | D:5      | Found a runed translucent gate.
  6021 | D:5      | Found a runed translucent gate.
  6023 | D:5      | Noticed a komodo dragon
  6023 | D:5      | Noticed smilodon's ghost (novice DsFi)
  6023 | D:5      | Reached * piety under the Shining One
  6386 | D:4      | Noticed Robin
  6390 | D:4      | Reached skill level 5 in Shields
  6400 | D:4      | Killed Robin
  6474 | D:4      | Reached skill level 12 in Earth Magic
  6995 | D:3      | Killed Ijyb
  6996 | D:3      | Reached skill level 6 in Shields
  7000 | D:3      | Killed Grinder
  7001 | D:3      | Reached skill level 4 in Fighting
  7106 | D:3      | Found a broken altar of Ashenzari.
  7107 | D:3      | Found a shimmering blue altar of Sif Muna.
  7107 | D:3      | Found a snail-covered altar of Cheibriados.
  7110 | D:3      | Found a shimmering altar of Xom.
  7110 | D:3      | Noticed Natasha
  7113 | D:3      | Killed Natasha
  7114 | D:3      | Reached XP level 10. HP: 73/73 MP: 14/14
  7495 | D:3      | Noticed Natasha
  7498 | D:3      | Killed Natasha
  7588 | D:3      | Found a faded altar of an unknown god.
  7626 | D:3      | Learned a level 6 spell: Iron Shot
  7912 | D:7      | Reached skill level 5 in Fighting
  7916 | D:7      | Reached ** piety under the Shining One
  7917 | D:7      | Reached skill level 6 in Fighting
  7933 | D:7      | Reached skill level 2 in Conjurations
  8116 | D:7      | Reached skill level 3 in Conjurations
  8305 | D:7      | Reached skill level 4 in Conjurations
  8480 | D:7      | Reached skill level 5 in Conjurations
  8546 | D:7      | Found a stormy altar of Qazlal.
  8643 | D:7      | Killed odiv's ghost
  8648 | D:7      | Killed a kobold demonologist
  8649 | D:7      | Reached skill level 6 in Conjurations
  8649 | D:7      | Reached skill level 2 in Dodging
  8654 | D:7      | Reached skill level 4 in Spellcasting
  8660 | D:7      | Reached skill level 5 in Spellcasting
  9083 | D:7      | Killed Maggie
  9084 | D:7      | Reached skill level 1 in Transmutations
  9084 | D:7      | Reached XP level 11. HP: 81/81 MP: 16/19
  9193 | D:8      | Reached skill level 2 in Transmutations
  9258 | D:8      | Noticed Joseph
  9269 | D:8      | Killed Joseph
  9270 | D:8      | Reached skill level 6 in Spellcasting
  9270 | D:8      | Reached skill level 3 in Transmutations
  9278 | D:8      | Reached skill level 4 in Transmutations
  9447 | D:8      | Reached skill level 1 in Invocations
  9510 | D:8      | Reached skill level 2 in Invocations
  9549 | D:8      | Found a burning altar of Makhleb.
  9554 | D:8      | Reached skill level 3 in Invocations
  9559 | D:8      | HP: 5/81 [orc priest/divine providence (9)]
  9562 | D:8      | You are sucked into a shaft and drop 2 floors!
  9562 | D:10     | Entered Level 10 of the Dungeon
 10257 | D:8      | Reached skill level 4 in Invocations
 10720 | D:9      | Reached skill level 5 in Invocations
 10746 | D:9      | Noticed a two-headed ogre
 10746 | D:9      | Reached *** piety under the Shining One
 10750 | D:9      | HP: 8/81 [two-headed ogre/+0 dire flail (22)]
 10751 | D:9      | Killed a two-headed ogre
 10751 | D:9      | HP: 1/81 [wight/+0 war axe (6)]
 10751 | D:9      | Slain by a wight

Vanquished Creatures
  A two-headed ogre (D:9)
  The ghost of odiv the Ducker, a novice DjWr of Makhleb (D:7)
  Joseph (D:8)
  Maggie (D:7)
  A kobold demonologist (D:7)
  Grinder (D:3)
  A steam dragon (D:7)
  An acid dragon (D:8)
  A water moccasin (D:8)
  Duvessa (D:7)
  4 orc warriors
  A sky beast (D:7)
  5 ice beasts
  2 black bears
  2 ogres
  2 centaurs
  5 bullfrogs
  5 necrophages
  10 kobold brigands
  18 wights
  Dowan (D:7)
  5 killer bees (D:7)
  6 howler monkeys
  5 hounds
  A gnoll bouda (D:5)
  8 orc priests
  Ijyb (D:3)
  A jelly (D:7)
  Jessica (D:3)
  5 iguanas
  Natasha (twice) (D:3)
  8 orc wizards
  Robin (D:4)
  17 gnolls
  2 river rats (D:6)
  8 adders
  2 shadow imps
  A worm (D:2)
  3 dart slugs
  28 orcs
  6 endoplasms
  3 giant cockroaches
  14 goblins
  14 hobgoblins
  9 jackals
  3 quokkas
  9 ball pythons
  5 bats
  4 frilled lizards (D:1)
  15 kobolds
  11 rats
263 creatures vanquished.

Vanquished Creatures (collateral kills)
  A foxfire (D:1)
1 creature vanquished.

Vanquished Creatures (others)
  A kobold (D:3)
  106 foxfires
  A plant (D:1)
108 creatures vanquished.

Grand Total: 372 creatures vanquished

Table legend: (Time is in decaauts)
 A = Elapsed time spent in this place.
 B = Non-inter-level travel time spent in this place.
 C = Inter-level travel time spent in this place.
 D = Time resting spent in this place.
 E = Time spent auto-exploring this place.
 F = Levels seen in this place.
 G = Mean time per level.
                   A        B        C        D        E       F      G
               +--------+--------+--------+--------+--------+-----+--------+
         Total |  10925 |  10269 |    656 |   1461 |   6607 |  11 |  993.2 |
       Dungeon |  10853 |  10210 |    643 |   1461 |   6607 |  10 | 1085.3 |
        Temple |     72 |     59 |     13 |      0 |      0 |   1 |   72.0 |
               +--------+--------+--------+--------+--------+-----+--------+

Top non-repeatable levels by time:
     D:7: 2860 daAuts
     D:4: 1490 daAuts
     D:6: 1259 daAuts
     D:1: 1240 daAuts
     D:8: 1032 daAuts
     D:3: 871 daAuts
     D:2: 806 daAuts
     D:5: 699 daAuts
    D:10: 337 daAuts
     D:9: 255 daAuts
  Temple: 72 daAuts

Table legend:
 A = Non-vault XP
 B = Vault XP
 C = Vault XP percentage of total XP
 D = Non-vault monster count
 E = Vault monster count
 F = Vault count percentage of total count
                 A         B        C        D         E       F
            +---------+---------+-------+---------+---------+-------
      Total |    7064 |    4361 |  38.2 |     203 |      60 |  22.8
            +---------+---------+-------+---------+---------+-------
        D:1 |      42 |       0 |   0.0 |      25 |       0 |   0.0
        D:2 |      58 |       0 |   0.0 |      19 |       0 |   0.0
        D:3 |     103 |     427 |  80.6 |      20 |       9 |  31.0
        D:4 |     351 |      78 |  18.2 |      19 |      14 |  42.4
        D:5 |     537 |      53 |   9.0 |      21 |       2 |   8.7
        D:6 |    1111 |      33 |   2.9 |      26 |       6 |  18.8
        D:7 |    1879 |    3351 |  64.1 |      34 |      28 |  45.2
        D:8 |    1454 |     419 |  22.4 |      29 |       1 |   3.3
        D:9 |    1529 |       0 |   0.0 |      10 |       0 |   0.0
            +---------+---------+-------+---------+---------+-------
